Map: [ESL] Cosmic Sapphire

Players

Velego - Winner!

  • Race: Protoss Protoss
  • League: Diamond
  • Spawn Location: 5:00

Control

  • Race: Terran Terran
  • Spawn Location: 11:00

Event: DreamHack SC2 Masters 2022 Valencia

VOD

Have the link to the VOD?

Description

Time

  • Played on: July 1, 2022, 2:20 p.m.
  • Length: 17:54

All games in this series

Show
View Real Time Build Order
Export as new Build Order

Velego Protoss - Winner!

Build Orders: 1 Gate Expand, Oracle Opening 

Get SALT Encoding   

  12  0:00  Probe  
  13  0:12  Probe  
  14  0:17  Pylon  
  14  0:24  Probe (Chrono Boost)  
  15  0:36  Probe (Chrono Boost), Gateway  
  16  0:43  Probe (Chrono Boost)  
  16  0:45  Assimilator  
  17  0:51  Probe  
  18  1:03  Probe  
  19  1:15  Probe  
  20  1:25  Cybernetics Core  
  20  1:32  Nexus  
  20  1:40  Pylon  
  20  1:42  Probe  
  21  1:50  Assimilator  
  21  1:54  Probe  
  21  1:58  Adept (Chrono Boost)  
  24  2:06  Probe  
  25  2:18  Probe (Chrono Boost)  
  25  2:19  Stargate  
  26  2:22  Adept  
  28  2:35  Probe (Chrono Boost)  
  29  2:41  Warp Gate  
  29  2:44  Probe  
  30  2:56  Probe (Chrono Boost)  
  32  2:58  Probe (Chrono Boost)  
  32  3:04  Oracle (Chrono Boost)  
  32  3:05  Probe (Chrono Boost)  
  33  3:08  Probe (Chrono Boost)  
  33  3:10  Probe (Chrono Boost)  
  38  3:18  Probe  
  39  3:22  Probe, Adept  
  42  3:30  Probe  
  43  3:34  Probe  
  43  3:35  Pylon  
  44  3:42  Probe  
  44  3:43  Nexus  
  44  3:46  Probe  
  46  3:51  Oracle (Chrono Boost)  
  46  3:54  Probe  
  50  3:58  Probe  
  50  4:02  Pylon  
  51  4:04  Twilight Council  
  51  4:07  Pylon  
  51  4:09  Probe  
  52  4:11  Probe  
  52  4:14  Assimilator  
  53  4:19  Gateway  
  53  4:24  Pylon  
  53  4:25  Probe x2, Gateway  
  55  4:31  Assimilator  
  55  4:37  Probe  
  56  4:39  Charge (Chrono Boost)  
  56  4:40  Phoenix  
  56  4:43  Probe  
  59  4:50  Probe  
  60  4:55  Sentry, Probe  
  60  4:59  Gateway x2  
  63  5:02  Probe  
  63  5:04  Pylon  
  63  5:06  Phoenix (Chrono Boost)  
  66  5:11  Probe x2  
  66  5:14  Shield Battery  
  68  5:15  Zealot  
  68  5:19  Probe  
  71  5:23  Probe  
  71  5:24  Phoenix (Chrono Boost)  
  74  5:34  Probe x2  
  74  5:35  Probe  
  77  5:41  Gateway  
  77  5:43  Gateway x2, Zealot  
  77  5:44  Zealot  
  77  5:46  Probe  
  77  5:47  Phoenix (Chrono Boost)  
  77  5:49  Probe  
  85  5:59  Probe x2  
  87  6:04  Zealot x3  
  87  6:05  Zealot  
  87  6:10  Phoenix (Chrono Boost)  
  97  6:13  Pylon  
  97  6:17  Pylon  
  97  6:18  Zealot  
  99  6:19  Probe  
  99  6:22  Pylon  
  100  6:28  Probe  
  100  6:31  Nexus, Phoenix  
  103  6:38  Zealot x2  
  107  6:41  Zealot x2  
  107  6:42  Zealot  
  113  6:47  Zealot x2  
  117  6:56  Phoenix  
  109  7:20  Probe  
  109  7:21  Phoenix  
  94  7:23  Zealot x6  
  94  7:27  Probe x2  
  106  7:31  Robotics Facility  
  106  7:32  Probe, Assimilator  
  106  7:35  Forge x2  
  107  7:39  Pylon, Probe  
  107  7:40  Probe  
  107  7:42  Sentry, Blink (Chrono Boost), Pylon  
  111  7:44  Probe  
  111  7:45  Phoenix  
  111  7:49  Shield Battery  
  111  7:51  Pylon  
  114  7:52  Probe  
  114  7:56  Robotics Facility  
  115  8:03  Gateway  
  115  8:04  Protoss Ground Weapons Level 1 (Chrono Boost), Assimilator  
  115  8:05  Protoss Ground Armor Level 1 (Chrono Boost)  
  115  8:06  Gateway  
  115  8:10  Phoenix  
  118  8:20  Observer  
  118  8:25  Robotics Bay  
  118  8:27  Pylon  
  118  8:34  Zealot x4  
  118  8:35  Zealot x4  
  134  8:50  Photon Cannon  
  134  8:51  Photon Cannon, Phoenix  
  134  8:53  Shield Battery  
  134  8:55  Zealot x2  
  135  8:57  Zealot x5  
  135  8:59  Observer x2 (Chrono Boost)  
  135  9:01  Probe  
  148  9:04  Photon Cannon  
  148  9:07  Pylon x2  
  148  9:21  Probe  
  148  9:23  Assimilator  
  149  9:32  Stalker x7  
  149  9:33  Stalker x2  
  149  9:35  Probe  
  149  9:37  Colossus (Chrono Boost), Gateway  
  168  9:38  Gateway  
  174  9:48  Pylon  
  174  9:57  Probe  
  174  9:59  Stalker x3  
  178  10:00  Stalker x3  
  179  10:10  Probe  
  176  10:17  Zealot x4  
  169  10:21  Probe  
  169  10:23  Probe  
  169  10:26  Probe  
  176  10:29  Probe  
  176  10:33  Zealot x2  
  176  10:34  Shield Battery  
  179  10:39  Colossus (Chrono Boost)  
  175  10:44  Nexus, Probe  
  175  10:47  Stalker, Pylon  
  175  10:48  Zealot x2  
  180  11:03  Probe  
  179  11:05  Protoss Ground Weapons Level 2 (Chrono Boost), Gateway  
  179  11:07  Colossus (Chrono Boost)  
  179  11:08  Zealot  
  179  11:10  Pylon  
  187  11:14  Probe  
  187  11:17  Pylon  
  188  11:21  Colossus (Chrono Boost)  
  160  11:37  Zealot x8  
  160  11:38  Zealot x4  
  170  11:42  Protoss Ground Armor Level 2 (Chrono Boost)  
  156  11:48  Probe  
  155  11:54  Probe  
  155  11:55  Probe x2  
  155  11:58  Photon Cannon  
  155  12:00  Photon Cannon, Probe  
  149  12:02  Photon Cannon  
  149  12:05  Photon Cannon  
  149  12:06  Probe  
  149  12:07  Assimilator  
  149  12:08  Photon Cannon, Assimilator  
  150  12:10  Shield Battery  
  150  12:14  Dark Shrine  
  156  12:20  Disruptor x2 (Chrono Boost)  
  156  12:22  Probe x2  
  152  12:23  Probe  
  153  12:30  Probe x2  
  153  12:34  Probe  
  156  12:41  Stalker x5  
  156  12:42  Stalker x8  
  182  12:47  Disruptor x2 (Chrono Boost)  
  188  13:04  Nexus, Zealot x6  
  193  13:27  Disruptor  
  193  13:30  Disruptor  
  193  13:31  Pylon  
  193  13:33  Pylon  
  179  13:41  Zealot x3  
  179  13:42  Zealot x9  
  164  14:03  Colossus (Chrono Boost), Zealot x10  
  164  14:04  Zealot  
  164  14:08  Probe  
  181  14:23  Stalker x3  
  178  14:24  Stalker, Zealot x7  
  178  14:25  Zealot x2  
  194  14:31  Probe  
  194  14:32  Probe  
  196  14:46  Probe, Protoss Ground Weapons Level 3 (Chrono Boost)  
  196  14:47  Protoss Ground Armor Level 3 (Chrono Boost)  
  196  14:48  Extended Thermal Lance (Chrono Boost)  
  196  14:51  Robotics Facility  
  195  14:54  Observer (Chrono Boost)  
  195  14:57  Assimilator  
  195  14:58  Assimilator  
  195  14:59  Photon Cannon  
  196  15:00  Photon Cannon  
  196  15:03  Shield Battery  
  196  15:05  Disruptor (Chrono Boost)  
  194  15:09  Nexus  
  194  15:11  Pylon  
  195  15:18  Shadow Stride (Chrono Boost)  
  194  15:22  Probe  
  193  15:31  Disruptor (Chrono Boost)  
  196  15:39  Pylon  
  187  15:45  Stalker x2  
  186  15:50  Stalker  
  186  15:52  Disruptor  
  191  15:58  Probe  
  191  15:59  Disruptor  
  182  16:25  Probe  
  182  16:26  Probe  
  182  16:27  Probe x3  
  182  16:28  Disruptor  
  190  16:45  Unknown  
  190  16:50  Photon Cannon  
  190  16:51  Photon Cannon  
  190  16:53  Photon Cannon  
  190  16:55  Photon Cannon, Probe  
  190  16:57  Shield Battery  
  190  16:58  Pylon  
  191  17:07  Stargate  
  196  17:11  Nexus  
  190  17:28  Stalker x5  
Show
View Real Time Build Order
Export as new Build Order

Control Terran 

Build Orders: Reaper Expand 

Get SALT Encoding   

  12  0:00  SCV  
  13  0:12  SCV  
  14  0:17  Supply Depot  
  14  0:24  SCV  
  15  0:38  SCV  
  15  0:40  Barracks  
  16  0:44  Refinery  
  16  0:50  SCV  
  17  1:03  SCV  
  18  1:15  SCV  
  19  1:27  Orbital Command  
  19  1:28  Reaper  
  20  1:45  Command Center  
  20  1:53  SCV  
  21  1:59  Marine  
  22  2:04  Bunker  
  22  2:11  Supply Depot  
  22  2:17  SCV  
  22  2:18  Factory  
  23  2:23  Refinery  
  23  2:27  Barracks Reactor  
  23  2:36  SCV  
  24  2:54  SCV  
  24  2:57  Orbital Command  
  24  3:03  Widow Mine  
  26  3:06  SCV, Starport  
  26  3:07  Marine x2  
  29  3:21  SCV  
  29  3:22  SCV  
  29  3:25  Marine x2  
  29  3:26  Supply Depot  
  33  3:30  Widow Mine  
  33  3:33  SCV  
  36  3:40  SCV  
  37  3:44  Medivac  
  37  3:45  Marine x2  
  37  3:46  SCV  
  42  3:51  Widow Mine  
  42  3:52  SCV  
  45  3:57  Supply Depot  
  45  3:58  SCV  
  46  4:04  SCV, Marine x2  
  46  4:09  Supply Depot  
  49  4:10  SCV  
  49  4:13  Factory Tech Lab  
  49  4:16  Starport Tech Lab  
  50  4:22  Barracks, SCV  
  51  4:24  Engineering Bay  
  51  4:25  Barracks  
  51  4:28  Marine x2  
  53  4:35  SCV  
  53  4:36  SCV  
  55  4:44  Refinery, Supply Depot  
  55  4:45  Factory Reactor  
  55  4:47  SCV  
  55  4:48  SCV, Starport Reactor  
  55  4:51  Marine x2  
  59  4:55  Missile Turret  
  59  4:58  Terran Infantry Weapons Level 1  
  59  4:59  SCV  
  60  5:00  SCV  
  57  5:12  SCV  
  58  5:14  Marine x2  
  58  5:17  SCV  
  58  5:21  Missile Turret  
  61  5:22  Combat Shield, Stimpack  
  61  5:23  Marine x2  
  61  5:24  SCV  
  64  5:29  SCV  
  64  5:34  Marine x2  
  64  5:35  Medivac, Widow Mine x2  
  71  5:36  SCV  
  71  5:38  Medivac  
  71  5:41  SCV  
  75  5:45  Refinery, Supply Depot  
  75  5:47  Marine  
  75  5:48  SCV  
  77  5:50  Marine  
  78  6:07  SCV x2  
  78  6:08  Marine  
  81  6:11  Command Center  
  81  6:13  Medivac x2  
  81  6:17  Marine  
  86  6:22  Marine x2  
  86  6:23  Widow Mine x2  
  92  6:26  SCV  
  93  6:34  Missile Turret  
  93  6:38  Marine x2  
  93  6:39  SCV  
  92  6:40  SCV  
  92  6:42  Barracks  
  92  6:44  Barracks  
  93  6:58  SCV  
  93  7:01  Marine  
  93  7:03  Marauder  
  93  7:05  Marauder  
  91  7:09  Marine  
  87  7:19  Marine  
  81  7:24  Terran Infantry Armor Level 1, Marauder  
  81  7:26  Marauder  
  81  7:27  Marine  
  84  7:30  Widow Mine  
  84  7:31  Widow Mine  
  84  7:32  SCV  
  84  7:33  SCV  
  84  7:34  Barracks Tech Lab, Barracks Reactor  
  90  7:37  Marine  
  90  7:43  Medivac  
  93  7:44  Marine, SCV, Medivac  
  93  7:45  SCV  
  93  7:46  Marauder  
  93  7:47  Missile Turret  
  93  7:48  Marauder  
  102  7:54  Armory  
  102  7:55  Reaper  
  102  7:56  Engineering Bay  
  102  7:57  SCV  
  104  8:02  Orbital Command, Marine  
  104  8:05  SCV  
  106  8:07  Marauder  
  106  8:09  Supply Depot  
  106  8:10  SCV  
  106  8:11  Supply Depot  
  109  8:15  Ghost Academy  
  109  8:16  Missile Turret, Marauder  
  109  8:17  SCV  
  109  8:30  Marine  
  109  8:31  SCV x3, Marine x2, Marauder  
  117  8:39  Concussive Shells  
  117  8:40  Medivac x2, Widow Mine x2  
  125  8:46  Supply Depot  
  125  8:47  Bunker  
  125  8:49  SCV  
  125  8:51  SCV x2  
  125  8:56  Marine  
  125  9:00  Marine x2, Marauder  
  125  9:01  Refinery, SCV, Enhanced Shockwaves  
  125  9:02  Terran Infantry Weapons Level 2  
  130  9:03  Refinery, SCV x2, Marine  
  130  9:08  Widow Mine x2  
  137  9:10  Supply Depot  
  137  9:11  Marine x2  
  137  9:13  SCV  
  137  9:15  SCV  
  141  9:19  Missile Turret  
  141  9:20  SCV  
  141  9:22  Command Center  
  142  9:25  SCV  
  142  9:28  SCV  
  142  9:30  Marine  
  142  9:31  Ghost, Marine x3  
  143  9:32  SCV  
  143  9:37  SCV, Supply Depot  
  148  9:38  Ghost  
  148  9:39  Ghost  
  152  9:53  Marine x2  
  152  9:56  Marine  
  153  10:00  Ghost, Marine  
  153  10:04  Terran Infantry Armor Level 2  
  155  10:07  SCV x2  
  155  10:08  Marauder  
  155  10:09  Marauder  
  155  10:11  Marine  
  143  10:22  Marine x2  
  137  10:29  Marauder  
  137  10:30  Barracks  
  137  10:31  Barracks  
  137  10:32  Viking, Barracks  
  137  10:33  Viking  
  137  10:38  Starport  
  137  10:41  Missile Turret  
  137  10:42  Missile Turret  
  137  10:48  Ghost, Marine  
  137  10:49  Marine  
  134  10:50  Marauder  
  134  10:51  Ghost, Marine  
  140  10:57  Terran Ship Weapons Level 1  
  140  11:02  Viking  
  140  11:03  Viking  
  144  11:04  Marine  
  145  11:11  Marauder  
  145  11:12  Missile Turret  
  145  11:15  Sensor Tower  
  145  11:18  Marauder  
  139  11:28  Marine x2  
  139  11:29  Marine, Marauder  
  125  11:33  Marauder  
  125  11:34  Marine  
  125  11:35  Viking x3  
  125  11:36  Viking  
  125  11:37  Planetary Fortress  
  125  11:39  Marauder  
  128  11:42  Marine x2  
  128  11:47  Marine x2  
  121  11:49  Marine  
  121  11:50  Marauder  
  121  11:52  Marine  
  125  11:54  Marauder  
  125  12:00  Marauder  
  125  12:02  Barracks Tech Lab x2  
  125  12:05  Viking x4  
  133  12:11  Marauder  
  135  12:16  Marauder  
  135  12:20  Marine  
  135  12:21  Marauder  
  135  12:22  Marauder  
  142  12:29  Terran Infantry Weapons Level 3, Refinery  
  142  12:30  Terran Infantry Armor Level 3, Command Center, Refinery  
  142  12:33  Marauder  
  142  12:35  Medivac x4  
  143  12:37  Marine, Command Center  
  143  12:38  Marine x3, Marauder x2  
  143  12:42  Marauder  
  143  12:43  Marine  
  143  12:54  Marine  
  143  12:55  Marine  
  145  12:59  Ghost, Marauder  
  145  13:00  Marine  
  145  13:01  Barracks, Marine x2, Marauder, Sensor Tower  
  145  13:03  Marine  
  155  13:11  Viking  
  155  13:12  Viking, Marauder  
  161  13:13  Marine  
  161  13:15  Viking  
  161  13:18  Marine  
  165  13:21  Marauder x2  
  168  13:28  Marine  
  168  13:29  Marauder  
  171  13:36  Command Center  
  164  13:45  Marine, Marauder  
  164  13:48  Marine  
  154  13:49  Marauder  
  154  13:53  Marine  
  154  13:54  Marauder, Liberator  
  163  13:55  Barracks Reactor  
  163  13:58  Marine x2, Marauder  
  167  14:04  Liberator  
  167  14:05  Marine  
  167  14:06  Marine  
  167  14:07  Marauder  
  167  14:09  Marine  
  174  14:11  Marine  
  162  14:19  Marine  
  162  14:20  Marauder  
  146  14:28  Marine  
  146  14:29  Marauder, Liberator  
  146  14:31  Barracks Reactor  
  140  14:34  Ghost  
  140  14:35  Marine  
  140  14:37  Marine, Marauder  
  135  14:43  Medivac x2  
  132  14:51  Viking  
  134  14:54  Marine  
  134  14:55  Marine, Marauder x2  
  139  15:12  Marine x2, Marauder x2  
  139  15:13  Liberator  
  148  15:22  Marine, Marauder  
  148  15:23  Missile Turret  
  146  15:31  Liberator  
  146  15:32  Sensor Tower  
  146  15:34  Viking  
  151  15:39  Viking  
  153  15:56  Viking  
  127  16:12  Viking x2  
  131  16:23  Viking  
  131  16:25  Marine x5  
  133  16:26  Marauder x2  
  133  16:27  Marine  
  133  16:28  Marauder  
  133  16:30  Command Center  
  133  16:32  Liberator  
  145  16:39  Marine, Marauder  
  148  16:47  Viking, Medivac  
  148  16:52  Marine  
  148  16:53  Marauder  
  155  16:56  Marine  
  155  16:57  Marauder  
  158  17:02  Viking  
  160  17:09  Marine  
  160  17:15  Viking  
  162  17:17  Marine  
  162  17:18  Marauder  
  135  17:32  Marine  

Tags
 
Add a new tag
Caveats
  • Supply blocks, unpowered buildings, or Contaminate may cause inaccurate times.
  • Supply counts are checked every 10 seconds.